 Dungeon Crawl Stone Soup version 0.31.0-9-g3a7656b989 (webtiles) character file.

Game seed: 2901078645881638572

254 Arcadio the Trooper (level 6, 0/49 HPs)
             Began as a Human Monk on Jan 24, 2024.
             Was a Priest of Fedhas.
             Killed by nerve-wracking pain
             ... invoked by Menkaure
              (6 damage)
             ... on level 4 of the Dungeon.
             The game lasted 00:07:03 (2250 turns).

Arcadio the Trooper (Human Monk)                    Turns: 2250, Time: 00:07:04

Health: 0/49       AC: 13    Str: 11    XL:     6   Next: 14%
Magic:  6/6        EV:  3    Int: 11    God:    Fedhas [***...]
Gold:   2          SH:  0    Dex: 17    Spells: 5/5 levels left

rFire   . . .        w - +6 shortbow (elec)
rCold   . . .        (shield currently unavailable)
rNeg    . . .        k - +0 plate armour
rPois   .            j - +0 helmet
rElec   .            s - +0 cloak
rCorr   +            (no gloves)
SInv    .            (no boots)
Will    .....        (no amulet) Stlth
                     l - ring of resist corrosion
HPRegen 0.28/turn    (no ring)
MPRegen 0.10/turn

%: no passive effects
@: no status effects
A: explore regen
a: Renounce Religion, Wall of Briars, Grow Ballistomycete


You were on level 4 of the Dungeon.
You worshipped Fedhas.
Fedhas was most pleased with you.
You visited 1 branch of the dungeon, and saw 4 of its levels.

You collected 170 gold pieces.
You spent 168 gold pieces at shops.

Inventory:

Hand Weapons
 a - a +0 falchion
 v - a +3 dagger
 w - a +6 shortbow of electrocution (weapon)
Armour
 b - a +0 robe
 d - an orb of light
 g - a +0 ring mail
 j - a +0 helmet (worn)
 k - a +0 plate armour (worn)
 n - a +1 hat
 o - a +0 ring mail
 p - a +0 ring mail
 s - a +0 cloak (worn)
 t - a +0 leather armour
Jewellery
 l - a ring of resist corrosion (left hand)
Scrolls
 f - a scroll of enchant armour {unknown}
 m - a scroll of noise {unknown}
 q - a scroll of butterflies {unknown}
 r - a scroll of blinking {unknown}
 u - a scroll of torment {unknown}
Potions
 c - a potion of ambrosia
 e - 2 potions of resistance
 h - 4 potions of lignification
 i - a potion of magic {unknown}
 x - a potion of enlightenment {unknown}
 z - a potion of brilliance {unknown}
 A - a potion of curing {unknown}


   Skills:
 + Level 4.5 Fighting
 - Level 4.2 Long Blades
 + Level 1.1 Ranged Weapons
 + Level 2.9 Armour
 - Level 3.1 Dodging


You had 5 spell levels left.
You didn't know any spells.
Your spell library contained the following spells:

 Spells                   Type           Power      Damage    Failure   Level
 Freeze                   Ice            0%         1d3       100%        1
 Magic Dart               Conj           0%         1d3       100%        1
 Searing Ray              Conj           0%         2d4       100%        2
 Call Canine Familiar     Summ           0%         N/A       100%        3
 Frozen Ramparts          Ice            0%         1d1       100%        3
 Hailstorm                Conj/Ice       0%         3d5       100%        3
 Sigil of Binding         Hex            0%         N/A       100%        3
 Dimensional Bullseye     Hex/Tloc       0%         N/A       100%        4
 Fulminant Prism          Conj/Alch      0%         3d5       100%        4
 Summon Forest            Summ/Tloc      0%         N/A       100%        5
 Eringya's Noxious Bog    Alch           0%         4d6       100%        6
 Summon Hydra             Summ           0%         N/A       100%        7


Dungeon Overview and Level Annotations

Branches:
Dungeon (4/15)
 Temple: D:4-7

Altars:
Fedhas

Shops:
D:3 ?:([*

Annotations:
D:4 Menkaure


Innate Abilities, Weirdness & Mutations

You regain HP and MP as you explore.


Message History

A - an orange potion Menkaure, Prince of Dust comes into view.
Fire: w) +6 shortbow (elec)
Press: ? - help, Q - select action, (/) - cycle Shift-Dir - straight line, f - Menkaure
Aim: Menkaure (wandering, hasn't noticed you, 80% to hit)
You shoot an arrow.
Menkaure shouts!
The arrow hits Menkaure.
Menkaure is lightly damaged.
Fire: w) +6 shortbow (elec)
Press: ? - help, Q - select action, (/) - cycle Shift-Dir - straight line, f/p - Menkaure
Aim: Menkaure (lightly damaged, 80% to hit)
You shoot an arrow. The arrow hits Menkaure.
Menkaure is moderately damaged.
Menkaure casts a spell.
Menkaure seems to speed up.
Fire: w) +6 shortbow (elec)
Press: ? - help, Q - select action, (/) - cycle Shift-Dir - straight line, f/p - Menkaure
Aim: Menkaure (moderately damaged, fast, 80% to hit)
You shoot an arrow. The arrow hits Menkaure.
Menkaure is heavily damaged.
Menkaure hits you!!
You shoot an arrow. The arrow hits Menkaure.
Menkaure is heavily damaged.
Menkaure points at you and mumbles some strange words.
You barely resist. Menkaure hits you!
You shoot an arrow. The arrow hits Menkaure.
Menkaure is severely damaged.
Menkaure hits you. Menkaure hits you!
* * * LOW HITPOINT WARNING * * *
Menkaure calls on the powers of darkness!
Your body is wracked with pain!
* * * LOW HITPOINT WARNING * * *
Okay, then.
You shoot an arrow. The arrow hits Menkaure.
Menkaure is almost destroyed.
Menkaure casts a spell at you. Pain shoots through your body!
You die...
Fedhas appreciates your contribution to the ecosystem.

.. #. #.
###. ## ...
.# # #.##.#
####.##.†<.#
..!....##..#
###..M@...#
....##.##.##
.## #.
#.......# #.
####.#### ..
.. ## ##


You could see Menkaure (fast).

Vanquished Creatures
  A bombardier beetle (D:3)
  A hound (D:4)
  An orc wizard (D:3)
  6 gnolls
  4 adders
  A dart slug (D:3)
  3 ribbon worms (D:2)
  4 orcs
  5 bats
  4 endoplasms
  A giant cockroach (D:3)
  4 goblins
  3 hobgoblins
  4 jackals (D:2)
  2 quokkas
  8 ball pythons
  2 frilled lizards
  5 kobolds
  7 rats
66 creatures vanquished.

Notes
Turn   | Place    | Note
-------+----------+-------------------------------------------
     0 | D:1      | Arcadio the Human Monk began the quest for the Orb.
     0 | D:1      | Reached XP level 1. HP: 18/18 MP: 1/1
   406 | D:1      | Reached XP level 2. HP: 24/24 MP: 2/2
   450 | D:1      | Found a faded altar of an unknown god.
   805 | D:2      | Reached XP level 3. HP: 7/29 MP: 3/3
   811 | D:2      | Reached skill level 1 in Armour
  1000 | D:1      | Prayed at the altar of an unknown god.
  1000 | D:1      | Became a worshipper of Fedhas Madash
  1000 | D:1      | Reached * piety under Fedhas
  1000 | D:1      | Reached ** piety under Fedhas
  1102 | D:2      | Reached XP level 4. HP: 10/37 MP: 4/4
  1223 | D:2      | Reached *** piety under Fedhas
  1602 | D:3      | Found Kus Cofi's Assorted Antiques.
  1630 | D:3      | Reached XP level 5. HP: 26/42 MP: 5/5
  1869 | D:3      | Found Pothruas's Antique Weapon Shoppe.
  1926 | D:3      | Found Finovov's Book Shop.
  1941 | D:3      | Found Qabrepue's Antique Armour Boutique.
  2014 | D:3      | Bought a runed shortbow for 168 gold pieces
  2052 | D:3      | Found Erymanwiu's Magic Scroll Emporium.
  2217 | D:4      | Reached XP level 6. HP: 49/49 MP: 6/6
  2228 | D:4      | Reached skill level 1 in Ranged Weapons
  2244 | D:4      | Noticed Menkaure
  2250 | D:4      | Killed from afar by Menkaure

Illustrated notes

Levels and vault maps discovered:
D:1:      eino_arrival_tree_alley, layout_loops_ring,
          nicolae_ecumenical_snake_handling, minmay_liquid_box
D:2:      layout_rooms
D:3:      layout_basic, serial_shops, shop, shop, shop_fountains,
          nicolae_book_shop_shelving, nicolae_shop_hallway_plus
D:4:      layout_loops_cross, uniq_menkaure

Skill      XL: |  1  2  3  4  5  6 |
---------------+-------------------+-----
Armour         | 1 2 |  2.9
Fighting       | 4 |  4.5
Long Blades    | 4 |  4.2
Ranged Weapons | 1 |  1.1
Dodging        | |  3.1

Action                     |  1- 3 |  4- 6 || total
---------------------------+-------+-------++-------
  Melee: Falchion          |    93 |    76 ||   169
   Fire: Shortbow          |       |    30 ||    30
    Use: Scroll            |       |     2 ||     2
 Armour: Robe              |     7 |       ||     7
         Ring mail         |    49 |       ||    49
         Plate armour      |    32 |   119 ||   151
         Skin              |     3 |       ||     3
  Dodge: Dodged            |    72 |    22 ||    94
